 Dungeon Crawl Stone Soup version 0.23.2 (webtiles) character file.

Game seed: 3340814086128158050

308 Borgoz the Skirmisher (level 6, 0/38 HPs)
             Began as a Gargoyle Fighter on Apr 9, 2019.
             Killed by divine providence
             ... invoked by an orc priest
              (14 damage)
             ... on level 4 of the Dungeon.
             The game lasted 00:02:47 (2563 turns).

Borgoz the Skirmisher (Gargoyle Fighter)            Turns: 2563, Time: 00:02:48

Health: 0/38       AC: 11    Str: 19    XL:     6   Next: 40%
Magic:  6/6        EV: 10    Int:  9    God:
Gold:   145        SH:  0    Dex: 11    Spells: 5/5 levels left

rFire    . . .     SeeInvis .   h - +3 dagger
rCold    . . .     Gourm    .   (no shield)
rNeg     + . .     Faith    .   b - +0 scale mail
rPois    ∞         Spirit   .   (no helmet)
rElec    +         Reflect  .   (no cloak)
rCorr    .         Harm     .   (no gloves)
MR       .....                  (no boots)
Stlth    +.........             (no amulet)
HPRegen  0.12/turn              (no ring)
MPRegen  0.10/turn              (no ring)

@: no status effects
A: negative energy resistance 1, electricity resistance, unbreathing,
petrification resistance, rot immunity, AC +4
a: no special abilities


You were on level 4 of the Dungeon.
You were not hungry.

You visited 1 branch of the dungeon, and saw 4 of its levels.

You collected 145 gold pieces.

Inventory:

Hand Weapons
 a - a +0 rapier
 h - a +3 dagger (weapon)
Armour
 b - a +0 scale mail (worn)
 c - a +0 shield
 i - a +0 helmet
Jewellery
 g - a +6 ring of intelligence {unknown}
Scrolls
 k - 3 scrolls of identify {unknown}
 l - 2 scrolls of teleportation {unknown}
 n - a scroll of enchant armour {unknown}
 p - a scroll of immolation {unknown}
 q - a scroll of random uselessness {unknown}
Potions
 j - a potion of heal wounds {unknown}
 m - a potion of agility {unknown}
Comestibles
 f - 7 rations


   Skills:
 + Level 4.2 Fighting
 * Level 3.4 Short Blades
 + Level 4.1 Armour
 * Level 2.5 Dodging
 + Level 2.5 Stealth
 - Level 3.2 Shields


You had 5 spell levels left.
You didn't know any spells.
Your spell library was empty.

Dungeon Overview and Level Annotations

Branches:
Dungeon (4/15)
 Temple: D:4-7

Altars:


Innate Abilities, Weirdness & Mutations

You are resistant to torment.
Your stone body is resilient. (AC +4)
You are immune to poison.
You resist negative energy. (rN+)
You are resistant to electric shocks. (rElec)
You can survive without breathing.
You are immune to petrification.
You are immune to rotting.


Message History

Something writhes in agony!
Reactivating autopickup.
You feel a bit more experienced.
You hit the worker ant but do no damage.
The worker ant barely misses you.
A worm comes into view.
You hit the orc.
The orc is lightly wounded.
The worker ant misses you. The orc barely misses you.
The orc priest looks braver for a moment.
All of the chunks of flesh in your inventory have rotted away.
You hit the orc.
The orc is heavily wounded.
The worker ant bites you. The orc barely misses you.
You hit the orc.
The orc is heavily wounded.
The worker ant closely misses you.
The orc priest invokes the aid of Beogh against you.
Beogh smites you!
You die...

...........
...$....$.# ## .#
..........# .. ##..
..........# .##...
..........# .#..#
..........###...##.
.......<...........
........†...#a##.###
............@ooo....
............##S.....
...........## .....
...........# ....
............ .w.
............. ..
.......[. . ....


You could see a worm, a worker ant, 2 orc priests, an adder and an orc.

Vanquished Creatures
  2 scorpions
  Terence (D:2)
  A hound skeleton (D:2)
  4 gnolls (D:3)
  2 adders
  An ooze (D:3)
  2 worms
  4 dart slugs
  3 leopard geckos
  3 orcs (D:3)
  7 goblins
  4 hobgoblins
  11 jackals
  9 kobolds
  4 bats
  6 frilled lizards
  4 rats
68 creatures vanquished.

Vanquished Creatures (others)
  An orc wizard (D:4)
1 creature vanquished.

Grand Total: 69 creatures vanquished

Notes
Turn   | Place    | Note
-------+----------+-------------------------------------------
     0 | D:1      | Borgoz the Gargoyle Fighter began the quest for the Orb.
     0 | D:1      | Reached XP level 1. HP: 14/14 MP: 1/1
    95 | D:1      | Reached XP level 2. HP: 19/19 MP: 2/2
   190 | D:1      | Reached skill level 1 in Dodging
   583 | D:1      | Reached XP level 3. HP: 23/23 MP: 3/3
   738 | D:2      | Reached skill level 1 in Stealth
  1013 | D:2      | Reached XP level 4. HP: 25/28 MP: 4/4
  1101 | D:2      | Noticed Terence
  1118 | D:2      | Killed Terence
  1831 | D:3      | Reached XP level 5. HP: 27/33 MP: 5/5
  2324 | D:3      | Reached XP level 6. HP: 38/38 MP: 6/6
  2563 | D:4      | Killed from afar by an orc priest

Skill      XL: |  1  2  3  4  5  6 |
---------------+-------------------+-----
Short Blades   | 2 3 |  3.4
Dodging        | 1 2 |  2.5
Stealth        | 1 2 |  2.5
Fighting       | 4 |  4.2
Armour         | 4 |  4.1
Shields        | |  3.2

Action                   |  1- 3 |  4- 6 || total
-------------------------+-------+-------++-------
Melee: Rapier            |    41 |       ||    41
       Dagger            |    60 |   222 ||   282
  Use: Potion            |       |     2 ||     2
  Eat: Chunk             |       |     6 ||     6
Armor: Scale mail        |    63 |    84 ||   147
Dodge: Dodged            |    49 |    75 ||   124
